 Dungeon Crawl Stone Soup version 0.23.0-3-gf3c87f2 (webtiles) character file.

Game seed: 15129121749830385730

53 Borgoz the Sneak (level 3, -11/28 HPs)
             Began as a Ghoul Enchanter on Feb 24, 2019.
             Mangled by an ogre
             ... wielding a cursed -3 giant spiked club
              (17 damage)
             ... on level 2 of the Dungeon.
             The game lasted 00:03:26 (1603 turns).

Borgoz the Sneak (Ghoul Enchanter)                  Turns: 1603, Time: 00:03:27

Health: -11/28     AC:  3    Str: 11    XL:     3   Next: 89%
Magic:  3/5        EV: 11    Int: 10    God:
Gold:   73         SH:  0    Dex: 10    Spells: 3/6 levels left

rFire    . . .     SeeInvis .   a - +1 dagger
rCold    + . .     Gourm    .   (no shield)
rNeg     + + +     Faith    .   f - +0 leather armour
rPois    ∞         Spirit   .   (no helmet)
rElec    .         Reflect  .   (no cloak)
rCorr    .         Harm     .   (no gloves)
MR       .....                  (no boots)
Stlth    ++........             (no amulet)
HPRegen  0.00/turn              (no ring)
MPRegen  0.09/turn              (no ring)

@: rotting
A: rotting body, claws 1, carnivore, cold resistance 1, negative energy
resistance 3, inhibited regeneration, torment resistance, unbreathing
a: no special abilities


You were on level 2 of the Dungeon.
You were not hungry.

You visited 1 branch of the dungeon, and saw 2 of its levels.

You collected 73 gold pieces.

Inventory:

Hand Weapons
 a - a +1 dagger (weapon)
Armour
 f - a +0 leather armour (worn)
Scrolls
 b - a scroll of fear {unknown}
Potions
 c - a potion of heal wounds {unknown}
 e - a potion of invisibility {unknown}
 g - a potion of degeneration {unknown}
Comestibles
 d - 4 rations
 h - a chunk of flesh


   Skills:
 + Level 1.2 Fighting
 + Level 1.3 Short Blades
 + Level 0.2 Armour
 + Level 2.1 Dodging
 - Level 3.7 Stealth
 + Level 2.1 Spellcasting
 + Level 2.7 Hexes


You had 3 spell levels left.
You knew the following spells:

 Your Spells              Type           Power        Failure   Level  Hunger
a - Corona                Hex            #......      13%         1    ##.....
b - Ensorcelled Hibernat  Hex/Ice        #.....       34%         2    ###....

Your spell library contained the following spells:

 Spells                   Type           Power        Failure   Level  Hunger
 Confuse                  Hex            #.......     36%         3    ####...
 Tukima's Dance           Hex            #.......     36%         3    ####...
 Dazzling Spray           Conj/Hex       #.....       56%         3    ####...


Dungeon Overview and Level Annotations

Branches:
Dungeon (2/15)

Altars:


Innate Abilities, Weirdness & Mutations

Your body is rotting away.
You thrive on raw meat.
You are immune to poison.
You have sharp fingernails.
You are carnivorous and can eat meat at any time.
Your flesh is cold resistant. (rC+)
You are immune to negative energy. (rN+++)
You do not regenerate when monsters are visible.
You are immune to unholy pain and torment.
You can survive without breathing.


Message History

You hit the ogre.
The ogre is severely wounded.
You hit the ogre but do no damage.
The ogre is severely wounded.
The ogre closely misses you.
You hit the ogre.
The ogre is almost dead.
The ogre hits you with a cursed -3 giant spiked club!!
Ouch! That really hurt!
* * * LOW HITPOINT WARNING * * *
You barely miss the ogre.
The ogre is almost dead.
The ogre closely misses you.
You hit the ogre.
The ogre is almost dead.
You barely miss the ogre.
The ogre is almost dead.
The ogre hits you with a cursed -3 giant spiked club!
Ouch! That really hurt!
You die...

#. ### .# #.# .. ..#
## #. #[# #.# #..#.#
# #.# #..#.##.###
#.# #...@O....# #.#
##.#.#.####.#.#
...#.#......#.######
....
#.#.###.........#
..... #.#.#
#.##.####.# ....
#.#.# #.#..#.# ....
#.#.# #.#..#.# #.#..
#.#..#.#
#.########.#..#.##


You could see an ogre.

Vanquished Creatures
  An adder (D:2)
  2 oozes (D:1)
  A dart slug (D:2)
  2 leopard geckos (D:1)
  2 ball pythons (D:1)
  4 goblins
  2 hobgoblins (D:1)
  2 jackals (D:1)
  4 kobolds (D:1)
  6 bats
  A frilled lizard (D:1)
  4 rats
31 creatures vanquished.

Notes
Turn   | Place    | Note
-------+----------+-------------------------------------------
     0 | D:1      | Borgoz the Ghoul Enchanter began the quest for the Orb.
     0 | D:1      | Reached XP level 1. HP: 14/14 MP: 2/2
   126 | D:1      | Reached skill level 1 in Short Blades
   138 | D:1      | Reached XP level 2. HP: 2/21 MP: 0/3
   241 | D:1      | Learned a level 2 spell: Ensorcelled Hibernation
   610 | D:1      | Reached XP level 3. HP: 16/27 MP: 0/5
   685 | D:1      | Reached skill level 1 in Fighting
  1588 | D:2      | Noticed an ogre
  1603 | D:2      | Mangled by an ogre

Skill      XL: |  1  2  3 |
---------------+----------+-----
Short Blades   | 1 |  1.3
Dodging        | 2 |  2.1
Spellcasting   | 2 |  2.1
Fighting       | 1 |  1.2
Armour         | |  0.2
Stealth        | |  3.7
Hexes          | |  2.7

Action                   || total
-------------------------++-------
Melee: Dagger            ||   116
 Cast: Corona            ||     4
       Ensorcelled Hiber ||     3
 Stab: Sleeping          ||     9
  Eat: Chunk             ||     7
Armor: Robe              ||    12
       Leather armour    ||     6
Dodge: Dodged            ||    80
